 Dungeon Crawl Stone Soup version 0.27.1-34-g3ba077fa99 (webtiles) character file.

Game seed: 9424414419787946956

41 Sharkman1231 the Grave Robber (level 3, 0/26 HPs)
             Began as a Demonspawn Necromancer on Jan 18, 2022.
             Constricted to death by a ball python (1 damage)
             ... on level 2 of the Dungeon.
             The game lasted 00:01:00 (1961 turns).

Sharkman1231 the Grave Robber (DsNe)                Turns: 1961, Time: 00:01:01

Health: 0/26       AC:  2    Str:  8    XL:     3   Next: 32%
Magic:  3/6        EV:  9    Int: 16    God:
Gold:   21         SH:  0    Dex: 14    Spells: 5/6 levels left

rFire    . . .     SeeInvis .   g - +0 dagger
rCold    . . .     Faith    .   (no shield)
rNeg     . . .     Spirit   .   a - +0 robe
rPois    .         Reflect  .   (no helmet)
rElec    .         Harm     .   (no cloak)
rCorr    .         Rampage  .   (no gloves)
Will     .....                  (no boots)
Stlth    ++........             (no amulet)
HPRegen  0.08/turn              (no ring)
MPRegen  0.10/turn              (no ring)

@: constricted
A: powered by pain 1, sturdy frame 1
a: no special abilities


You were on level 2 of the Dungeon.
You visited 1 branch of the dungeon, and saw 2 of its levels.

You collected 21 gold pieces.

Inventory:

Hand Weapons
 g - a +0 dagger (weapon)
Armour
 a - a +0 robe (worn)
Scrolls
 b - a scroll of vulnerability {unknown}
 d - a scroll of identify {unknown}
Potions
 c - a potion of heal wounds {unknown}
 e - a potion of mutation {unknown}
 f - 2 potions of curing {unknown}


   Skills:
 + Level 1.5 Fighting
 + Level 2.4 Dodging
 - Level 1.7 Stealth
 - Level 2.0 Spellcasting
 + Level 4.8 Necromancy


You had 5 spell levels left.
You knew the following spells:

 Your Spells              Type           Power      Damage    Failure   Level
a - Pain                  Necr           68%        1d7       2%          1

Your spell library contained the following spells:

 Spells                   Type           Power      Damage    Failure   Level
 Animate Skeleton         Necr           34%        N/A       2%          1
 Vampiric Draining        Necr           8%         2d7       9%          3
 Animate Dead             Necr           8%         N/A       28%         4
 Agony                    Necr           17%        N/A       61%         5


Dungeon Overview and Level Annotations

Branches:
Dungeon (2/15)

Altars:


Innate Abilities, Weirdness & Mutations

You sometimes gain a little power by taking damage.
Your movements are slightly less encumbered by armour. (ER -2)


Message History

The ball python grabs you. The ball python constricts you.
The hobgoblin closely misses you. The quokka closely misses you.
The ball python bites you. The ball python constricts you.
Casting: Pain (safe; 2% risk of failure)
Confirm with . or Enter, or press ? or * to list all spells.
Aiming: Pain (safe; 2% risk of failure)
Press: ? - help, Shift-Dir - straight line, f - quokka
Aim: a quokka (almost dead, chance to affect: 87%)
The quokka writhes in agony.
You kill the quokka!
The hobgoblin barely misses you. The ball python bites you.
The ball python constricts you.
Casting: Pain (safe; 2% risk of failure)
Confirm with . or Enter, or press ? or * to list all spells.
Aiming: Pain (safe; 2% risk of failure)
Press: ? - help, Shift-Dir - straight line, f - ball python
Aim: a ball python (constricting you, chance to affect: 87%)
The ball python barely resists.
The hobgoblin hits you.
* * * LOW HITPOINT WARNING * * *
The ball python barely misses you. The ball python constricts you.
* * * LOW HITPOINT WARNING * * *
Casting: Pain (safe; 2% risk of failure)
Confirm with . or Enter, or press ? or * to list all spells.
Aiming: Pain (safe; 2% risk of failure)
Press: ? - help, Shift-Dir - straight line, f/p - ball python
Aim: a ball python (constricting you, chance to affect: 87%)
The ball python writhes in agony.
The hobgoblin hits you.
* * * LOW HITPOINT WARNING * * *
The ball python bites you but does no damage.
The ball python constricts you.
Unknown command.
You escape the ball python's grasp.
A ball python, an endoplasm and a giant cockroach come into view.
The hobgoblin barely misses you.
Unknown command.
Unknown command.
Found 19 bolts.
The hobgoblin barely misses you. The ball python misses you.
The ball python grabs you. The ball python constricts you.
You die...

...... #..# #...#
#..# #...# #..#
#...####<<####
.#####.B..........#
.......g.......##.#
######.###.##.# #
##S.........
#@.....J..##>#
#(..###...... #
............J.
###...###..###.
..... ###.### #.#
#.#


You could see an endoplasm, a giant cockroach, a hobgoblin and a ball python.

Vanquished Creatures
  3 dart slugs (D:1)
  2 bats (D:1)
  An endoplasm (D:1)
  3 giant cockroaches (D:1)
  5 goblins (D:1)
  4 hobgoblins (D:1)
  A kobold (D:1)
  3 quokkas
  5 ball pythons (D:1)
  A frilled lizard (D:1)
  4 rats (D:1)
32 creatures vanquished.

Notes
Turn   | Place    | Note
-------+----------+-------------------------------------------
     0 | D:1      | Sharkman1231 the Demonspawn Necromancer began the quest for
                  | the Orb.
     0 | D:1      | Reached XP level 1. HP: 13/13 MP: 3/3
   465 | D:1      | Gained mutation: Your movements are slightly less
                  | encumbered by armour. (ER -2) [demonic ancestry]
   465 | D:1      | Reached XP level 2. HP: 17/20 MP: 1/5
   693 | D:1      | Reached skill level 1 in Fighting
  1254 | D:1      | Gained mutation: You sometimes gain a little power by
                  | taking damage. [demonic ancestry]
  1254 | D:1      | Reached XP level 3. HP: 19/26 MP: 1/6
  1956 | D:2      | HP: 1/26 [hobgoblin (4)]
  1961 | D:2      | Constricted to death by a ball python

Illustrated notes

Levels and vault maps discovered:
D:1:      shiori_shiawase, layout_loops_ring
D:2:      layout_loops_ring, chequers_serial_rivers_large_a

Skill      XL: |  1  2 |
---------------+-------+-----
Dodging        | 2 |  2.4
Fighting       | 1 |  1.5
Stealth        | |  1.7
Spellcasting   | |  2.0
Necromancy     | |  4.8

Action                   || total
-------------------------++-------
Melee: Unarmed           ||    26
       Dagger            ||    21
 Cast: Pain              ||    56
Armor: Robe              ||    19
Dodge: Dodged            ||    52
